 Dungeon Crawl Stone Soup version 0.25-a0-56-g68f8618 (webtiles) character file.

Game seed: 15032790921784358565, levelgen mode: deterministic

3119136 stealthycow the Conqueror (level 27, 199/199 HPs)
             Began as a Gargoyle Berserker on Oct 24, 2019.
             Was a High Priest of Trog.
             Escaped with the Orb
             ... and 5 runes on Oct 25, 2019!
             The game lasted 02:58:46 (74379 turns).

stealthycow the Conqueror (Gargoyle Berserker)     Turns: 74379, Time: 02:58:47

Health: 199/199    AC: 74    Str: 29 (30) XL:     27
Magic:  24/24      EV: 14    Int:  6      God:    Trog [*****.]
Gold:   6432       SH: 42    Dex:  9      Spells: 26/26 levels left

rFire    + + .     SeeInvis .   a - +9 eveningstar (protect)
rCold    + + +     Gourm    .   s - +10 large shield of Ignorance {rN+ Int-4}
rNeg     + + +     Faith    .   k - +11 gold dragon scales
rPois    ∞         Spirit   +   S - +2 hat of the Bear Spirit {Spirit, +Rage rN+ MR++}
rElec    +         Reflect  +   w - +2 cloak
rCorr    .         Harm     .   M - +1 pair of gloves "Atwep" {rC++ Str-2 Slay+6}
MR       +++++                  X - +2 pair of boots {Stlth+}
Stlth    ..........             J - +6 amulet of reflection
HPRegen  0.43/turn              u - ring "Gameoqee" {+Fly rF+ MR+ Slay+2}
MPRegen  0.19/turn              q - ring of Life {rElec Str+2 Slay+5}

@: flying
A: big wings, claws 1, fangs 1, molten scales 1, blink, deterioration 2, low mp
3, magic resistance 1, negative energy resistance 1, electricity resistance,
weak 1, unbreathing, petrification resistance, rot immunity, AC +20
0: Orb of Zot
}: 5/15 runes: serpentine, barnacled, slimy, silver, abyssal
a: Stop Flying, Blink, Berserk, Trog's Hand, Brothers in Arms, Renounce
Religion, Evoke Berserk Rage


You escaped.
You worshipped Trog.
Trog was extremely pleased with you.
You were not hungry.

You visited 11 branches of the dungeon, and saw 57 of its levels.
You visited the Abyss 2 times.
You also visited: Trove, Bailey and Gauntlet.

You collected 8752 gold pieces.
You spent 2320 gold pieces at shops.

Inventory:

Hand Weapons
 a - a +9 eveningstar of protection (weapon)
Missiles
 N - 6 throwing nets (quivered)
Armour
 i - the +15 Maxwell's patent armour {-Cast -Tele rElec MR+ rCorr}
   (You found it in a treasure trove)

   It insulates you from electricity.
   It affects your resistance to hostile enchantments.
   It prevents spellcasting.
   It prevents most forms of teleportation.
   It provides partial protection from all sources of acid and corrosion.
 k - +11 gold dragon scales (worn)
 s - the +10 large shield of Ignorance (worn) {rN+ Int-4}
   (You found it on level 1 of the Orcish Mines)

   It affects your intelligence (-4).
   It protects you from negative energy.
 w - a +2 cloak (worn)
 M - the +1 pair of gloves "Atwep" (worn) {rC++ Str-2 Slay+6}
   (You bought it in a shop on level 9 of the Dungeon)

   It affects your strength (-2).
   It affects your accuracy and damage with ranged weapons and melee attacks
   (+6).
   It greatly protects you from cold.
 S - the +2 hat of the Bear Spirit (worn) {Spirit, +Rage rN+ MR++}
   (You bought it in a shop on level 3 of the Vaults)

   It protects you from negative energy.
   It affects your resistance to hostile enchantments.
   It lets you go berserk.
 X - a +2 pair of boots of stealth (worn)
Jewellery
 q - the ring of Life (right hand) {rElec Str+2 Slay+5}
   (You took it off a vampire knight on level 1 of the Crypt)

   [ring of slaying]

   It affects your strength (+2).
   It affects your accuracy and damage with ranged weapons and melee attacks
   (+5).
   It insulates you from electricity.
 u - the ring "Gameoqee" (left hand) {+Fly rF+ MR+ Slay+2}
   (You found it in a Gauntlet)

   [ring of flight]

   It affects your accuracy and damage with ranged weapons and melee attacks
   (+2).
   It protects you from fire.
   It affects your resistance to hostile enchantments.
   It lets you fly.
 J - a +6 amulet of reflection (around neck)
 L - an uncursed ring of see invisible
Wands
 j - a wand of enslavement (23)
 o - a wand of acid (64)
 y - a wand of iceblast (63)
 z - a wand of polymorph (63)
 I - a wand of paralysis (49)
 R - a wand of disintegration (20)
 T - a wand of scattershot (5)
 W - a wand of digging (21)
Scrolls
 b - 23 scrolls of teleportation
 d - 8 scrolls of blinking
 f - 14 scrolls of fear
 g - 30 scrolls of remove curse
 D - 6 scrolls of immolation
 E - a scroll of summoning
 F - 2 scrolls of magic mapping
 G - 12 scrolls of fog
 O - 21 scrolls of identify
 V - 2 scrolls of silence
Potions
 e - 6 potions of haste
 h - 8 potions of brilliance
 l - 13 potions of might
 m - a potion of invisibility
 n - 26 potions of curing
 p - 5 potions of mutation
 r - 19 potions of heal wounds
 A - 8 potions of magic
 B - 8 potions of lignification
 C - 6 potions of ambrosia
 H - 4 potions of resistance
 P - 2 potions of cancellation
 U - 2 potions of agility
Miscellaneous
 Q - a lamp of fire
Comestibles
 c - 73 rations


   Skills:
 O Level 27 Fighting
 - Level 16.0 Maces & Flails
 O Level 27 Armour
 + Level 15.7 Dodging
 - Level 25.0 Shields
 + Level 16.8 Evocations


You had 26 spell levels left.
You didn't know any spells.
Your spell library contained the following spells:

 Spells                   Type           Power        Failure   Level  Hunger
 Blink                    Tloc           N/A          99%         2    ###....
 Shroud of Golubria       Chrm/Tloc      #.....       99%         2    ###....
 Gell's Gravitas          Tloc           #.........   100%        3    ####...
 Lesser Beckoning         Tloc           #.........   100%        3    ####...
 Teleport Other           Tloc           #.......     100%        3    ####...
 Passage of Golubria      Tloc           Unusable     N/A         4    N/A

Dungeon Overview and Level Annotations

Branches:
Dungeon (15/15)            Temple (0/1) D:5            Lair (6/6) D:9
 Shoals (4/4) Lair:3        Snake (4/4) Lair:3        Slime (5/5) Lair:5
    Orc (2/2) D:11            Elf (3/3) Orc:2        Vaults (5/5) D:14
  Crypt (3/3) Vaults:3       Tomb (0/3) Crypt:3      Depths (5/5) D:15
    Zot (5/5) Depths:5     Bailey (visited)         Gauntlet (visited)

Altars:
Ashenzari
Dithmenos
Kikubaaqudgha
Makhleb
Nemelex Xobeh
Okawaru
Sif Muna
Trog
Uskayaw
Vehumet
Wu Jian
Xom
Yredelemnul
The Shining One
Jiyva

Shops:
D:9 *[*   D:12 %   Orc:2 (}:!*=   Elf:1 =(*   Elf:2 =   Elf:3 %%[   Vaults:1 (
Vaults:3 [   Depths:2 }}   Depths:5 :%

Portals:
Hell: Depths:1 Depths:2 Depths:3 Depths:4 Depths:5
Abyss: Depths:4
Pandemonium: Depths:3 Depths:5
Ziggurat: Depths:1

Annotations:
D:14 2 runed translucent doors
Crypt:1 3 runed translucent doors, Bott's ghost, veteran MiBe
Zot:5 1 runed translucent door, reptisaurus's ghost, master DsSu


Innate Abilities, Weirdness & Mutations

You are resistant to torment.
Your stone body is resilient. (AC +20)
You are immune to poison.
Your large and strong wings let you fly indefinitely.
You resist negative energy. (rN+)
You are resistant to electric shocks. (rElec)
You can survive without breathing.
You are immune to petrification.
You are immune to rotting.
You have sharp fingernails.
You have very sharp teeth.
You are partially covered in molten scales. (AC +2)
You can translocate small distances at will.
Your body often deteriorates upon taking damage.
Your magical capacity is extremely low. (-30% MP)
You are resistant to hostile enchantments. (MR+)
You are weak. (Str -2)


Message History

The green death is severely wounded.
You impale the green death!!
You kill the green death!
Trog accepts your kill.
There is an open door here.
There is a staircase leading out of the dungeon here.
There is a staircase leading out of the dungeon here.
As you read the scroll of summoning, it crumbles to dust.
Wisps of shadow whirl around you...
As you read the scroll of summoning, it crumbles to dust.
Wisps of shadow whirl around you...
As you read the scroll of summoning, it crumbles to dust.
Wisps of shadow whirl around you...
Remove which piece of jewellery? (? for menu, Esc to quit)
Okay, then.
As you read the scroll of summoning, it crumbles to dust.
Wisps of shadow whirl around you...
As you read the scroll of summoning, it crumbles to dust.
Wisps of shadow whirl around you...
You have escaped!

...# #.....#...#.....####
...# #.....'...'..>..# ...#
#.....##.##.....# ####
####'####.####'####
##.....##...##..)..##
#...[..##...##......#
#.###g####.####'###.##
#.#gKggw##.##.....#...
#.#gK@gg+...#.....##..
#.#rgggs#.(.#.....##..
#.#######...########.. #.#
#..## #...##.. #.#######.##
#.#.##.. #.........#
#.#..... ##########..)...#
#.###... ##
#........)......#####....)..
.#
#...............#...#.......


You could see a friendly dart slug, a friendly giant cockroach, 7 friendly
hobgoblins, 3 friendly goblins, 2 friendly kobolds and a friendly rat.

Vanquished Creatures
  4 pandemonium lords
  the Royal Jelly (Slime:5)
  7 ancient liches (Zot:5)
  4 orbs of fire (Zot:5)
  A juggernaut (Abyss:3)
  Sojobo (Depths:1)
  Margery (Vaults:3)
  A Killer Klown (Zot:5)
  A shard shrike (Zot:5)
  Frederick (Depths:2)
  2 curse toes
  Vashnia (Snake:4)
  Xtahua (Vaults:5)
  2 caustic shrikes
  The ghost of Mutenl Xeshra the Earth Mage, an adept GrEE of Vehumet (Elf:1)
  4 bone dragons
  7 golden dragons
  A Tzitzimitl (Zot:5)
  3 Brimstone Fiends
  A hellephant (Vaults:5)
  13 tentacled monstrosities
  5 electric golems
  A Hell Sentinel (Zot:5)
  A shard shrike skeleton (Crypt:3)
  An Ice Fiend (Zot:5)
  32 Orb Guardians
  Asterion (Vaults:2)
  A titan (Vaults:5)
  5 liches
  A kraken (Shoals:2)
  3 deep elf blademasters
  19 acid blobs
  6 quicksilver dragons
  An eldritch tentacle (Crypt:1)
  9 ancient champions
  6 sphinxes
  5 death cobs
  An Executioner (Abyss:3)
  Gastronok (D:10)
  Kirke (D:14)
  11 shadow dragons
  10 storm dragons
  7 tengu reavers
  Donald (Vaults:2)
  13 nagarajas
  3 revenants
  2 draconian monks
  9 fire giants
  A daeva (D:15)
  A ghost moth (Zot:5)
  Louise (D:14)
  4 iron dragons
  5 deep elf sorcerers
  10 frost giants
  5 draconian scorchers
  20 vault wardens
  2 orc warlords
  13 azure jellies
  13 ghouls
  2 draconian shifters
  7 deep elf elementalists
  4 cacodemons
  A reaper (Crypt:3)
  16 stone giants
  17 ironheart preservers
  3 war gargoyles (Vaults:5)
  2 draconian stormcallers
  3 spriggan defenders (Depths:3)
  5 draconian annihilators
  2 ophanim (Abyss:3)
  2 curse skulls
  16 very ugly things
  A stone giant (shapeshifter) (Vaults:5)
  An entropy weaver (Vaults:3)
  6 green draconians
  6 vampire knights
  10 deep elf demonologists
  Nessos (Lair:5)
  7 black draconians
  A minotaur (Gauntlet)
  8 red draconians
  13 deep elf annihilators
  2 dire elephants (Depths:4)
  A lorocyproca (Depths:5)
  6 spark wasps
  6 purple draconians
  11 white draconians
  2 ettins (shapeshifter)
  9 yellow draconians
  5 merfolk javelineers
  A crystal guardian (Vaults:4)
  11 ettins
  Snorg (D:14)
  2 blizzard demons
  5 deep elf death magi
  A green death (D:1)
  6 statues (Depths:2)
  10 merfolk impalers
  8 jiangshi
  The ghost of HilariousDeathArtist the Fighter, a journeyman DDGl of Makhleb (D:13)
  6 death oozes (Slime:5)
  2 mummy priests (Crypt:3)
  21 ogre magi
  6 deep elf high priests
  11 fire dragons
  18 yaktaur captains
  Erolcha (D:10)
  11 great orbs of eyes
  4 hydras
  12 naga warriors
  2 monstrous demonspawn (Zot:5)
  13 ice dragons
  A quicksilver dragon skeleton (Crypt:3)
  31 vault guards
  A spriggan air mage (Depths:3)
  A caustic shrike simulacrum (Depths:3)
  8 rakshasas
  60 two-headed ogres
  10 centaur warriors
  5 merfolk aquamancers
  A catoblepas (Depths:4)
  6 merfolk avatars
  A hell beast (Zot:5)
  13 anacondas
  28 dancing weapons
  7 death knights
  8 tengu warriors
  9 death yaks
  An alligator snapping turtle (Shoals:3)
  A satyr (Shoals:4)
  6 deep troll shamans
  8 vampire magi
  11 deep troll earth magi
  13 naga sharpshooters
  11 shock serpents
  4 soul eaters
  2 thrashing horrors (Abyss:3)
  2 sun demons
  22 deep elf knights
  The ghost of quoriil the Thaumaturge, a novice SpEE of Nemelex Xobeh (Orc:1)
  5 spriggans
  A titan skeleton (Abyss:3)
  2 iron trolls (Depths:5)
  A sixfirhy (Zot:5)
  4 hell knights
  4 shadow wraiths
  59 skeletal warriors
  A wretched star (Abyss:3)
  4 salamander mystics
  A fire crab (shapeshifter) (Depths:3)
  A storm dragon skeleton (Depths:3)
  A golden dragon zombie (Crypt:3)
  28 sea snakes
  A spark wasp zombie (Crypt:3)
  2 unseen horrors
  A torturous demonspawn (Depths:5)
  7 flayed ghosts
  2 gelid demonspawn
  5 glowing orange brains
  A shadow demon (D:15)
  2 cherubim (Abyss:3)
  2 lindwurms (Depths:4)
  2 spriggan druids (Depths:4)
  7 naga ritualists
  30 deep trolls
  An obsidian statue (Zot:5)
  10 deep elf archers
  19 ironbrand convokers
  4 orange crystal statues (Orc:1)
  8 large abominations
  A swamp dragon (Lair:6)
  A glowing orange brain (shapeshifter) (Depths:5)
  6 wizards
  9 phantasmal warriors
  25 harpies
  7 necromancers
  13 orc knights
  7 wolf spiders
  4 orc sorcerers
  An orb spider (shapeshifter) (Vaults:2)
  A frost giant zombie (Depths:3)
  2 human zombies (Vaults:4)
  An oklob plant (Lair:1)
  79 deep elf magi
  13 manticores
  2 stone giant zombies
  A fire giant zombie (Crypt:3)
  5 cyclopes
  2 fauns (Shoals:2)
  2 shining eyes
  45 ugly things
  8 mana vipers
  A manticore (shapeshifter) (Vaults:5)
  9 salamanders
  2 human skeletons (Vaults:1)
  A moth of wrath (shapeshifter) (Vaults:5)
  17 vault sentinels
  12 moths of wrath
  15 elephants
  3 water nymphs
  A worldbinder (Abyss:3)
  6 centaur zombies
  4 eyes of devastation
  7 merfolk sirens
  A sphinx skeleton (Depths:3)
  2 rust devils
  8 guardian serpents
  15 naga magi
  5 gargoyles
  A water nymph (shapeshifter) (Snake:1)
  A hellion (Depths:3)
  47 black mambas
  2 orange demons
  2 kobold demonologists
  3 centaur skeletons
  An emperor scorpion zombie (Crypt:1)
  18 spiny frogs
  2 smoke demons
  A green draconian zombie (Crypt:3)
  8 freezing wraiths
  An elephant slug zombie (Crypt:2)
  10 komodo dragons
  2 tormentors
  A rime drake (shapeshifter) (D:14)
  50 yaktaurs
  2 red devils
  6 rime drakes
  5 ice devils
  An alligator snapping turtle skeleton (Crypt:3)
  An ancient zyme (Abyss:3)
  An anaconda simulacrum (Crypt:3)
  7 guardian mummies
  2 hydra zombies (Crypt:1)
  8 hellwings
  15 trolls
  A sea snake skeleton (Crypt:2)
  A redback zombie (D:15)
  2 meliai
  7 tengu conjurers
  2 jumping spiders (Vaults:3)
  A polar bear (Lair:2)
  3 wind drakes
  A meliai (shapeshifter) (D:13)
  25 merfolk
  17 hornets
  A jumping spider (shapeshifter) (Vaults:5)
  20 blink frogs
  Grinder (D:4)
  A snapping turtle (shapeshifter) (Vaults:1)
  10 snapping turtles
  A bog body (Crypt:2)
  50 slime creatures
  A blink frog (shapeshifter) (Vaults:2)
  A spriggan zombie (Depths:3)
  17 dream sheep
  2 meliai zombies
  7 raiju (Abyss:3)
  A jumping spider zombie (Crypt:1)
  A human simulacrum (Vaults:1)
  19 hippogriffs
  2 air elementals
  A ynoxinul (Zot:1)
  5 redbacks
  3 spriggans (shapeshifter)
  A vampire (D:13)
  4 shadows
  2 tarantellas (shapeshifter)
  11 wyverns
  10 water elementals
  An ushabti (Crypt:3)
  5 basilisks
  4 fire elementals
  21 yaks
  An ice dragon skeleton (Crypt:3)
  16 wraiths
  4 fire bats (Depths:3)
  A wind drake skeleton (Crypt:1)
  A golden eye (shapeshifter) (D:14)
  A hungry ghost (D:11)
  A basilisk (shapeshifter) (Depths:4)
  A chaos spawn (Depths:5)
  2 steam dragons (Lair:6)
  4 vampire mosquitoes (D:14)
  A neqoxec (Abyss:2)
  5 wargs
  57 nagas
  2 soldier ants (shapeshifter)
  A warg (shapeshifter) (Depths:1)
  4 swamp worms
  An elf zombie (Vaults:1)
  Duvessa (D:4)
  An orb spider zombie (Crypt:2)
  3 acid dragons
  2 floating eyes (shapeshifter)
  2 hell hounds
  18 water moccasins
  13 porcupines
  A swamp drake (Lair:6)
  A two-headed ogre skeleton (Crypt:1)
  51 orc warriors
  3 phantoms
  A manticore zombie (Crypt:1)
  4 eyes of draining
  5 sky beasts
  3 hornet zombies
  3 black bears
  4 ice beasts
  A necrophage (Crypt:2)
  56 ogres
  An eye of draining (shapeshifter) (Vaults:1)
  4 boggarts
  11 centaurs
  6 wolves (Lair:5)
  A snapping turtle skeleton (Crypt:3)
  8 crocodiles
  A hog skeleton (Crypt:2)
  2 big kobolds
  13 bullfrogs
  2 elf skeletons
  A gnoll sergeant (D:9)
  Dowan (D:4)
  3 earth elementals
  A draconian skeleton (Crypt:1)
  A wyvern zombie (D:15)
  4 wyvern skeletons
  6 scorpions
  7 killer bees
  A troll skeleton (Crypt:2)
  13 wights
  6 howler monkeys
  A yak skeleton (Crypt:3)
  8 electric eels
  17 crimson imps
  A bullfrog zombie (D:11)
  2 quasits
  3 jellies
  22 orc priests
  27 orc wizards
  12 hounds
  4 bullfrog skeletons
  A gnoll shaman (D:8)
  An iron imp (Depths:5)
  A soldier ant zombie (Crypt:2)
  Crazy Yiuf (D:5)
  13 iguanas
  Natasha (thrice) (D:4)
  2 small abominations (Abyss:3)
  16 worker ants
  A killer bee zombie (D:9)
  3 hound skeletons
  2 mummies (D:15)
  A worker ant zombie (D:7)
  Robin (D:4)
  14 gnolls
  14 adders
  4 shadow imps
  An ufetubus (Depths:5)
  4 oozes
  3 worms
  A dart slug (D:1)
  11 leopard geckos
  159 orcs
  6 bats
  3 giant cockroaches
  11 hobgoblins
  9 kobolds
  5 quokkas
  A ball python (D:5)
  7 frilled lizards
  22 goblins
  A leopard gecko skeleton (Crypt:1)
  An orc skeleton (Crypt:1)
  A quokka skeleton (D:5)
  6 rats
  A river rat skeleton (Crypt:3)
  4 fire vortices (Depths:2)
  2 plants
  A tentacle (Shoals:2)
2715 creatures vanquished.

Vanquished Creatures (collateral kills)
  An acid blob (Slime:5)
  A tengu reaver (Vaults:5)
  2 shadow dragons (Vaults:5)
  An angel (Abyss:3)
  A deep elf annihilator (Depths:2)
  A naga warrior (Snake:4)
  A vault guard (Vaults:5)
  A two-headed ogre (Orc:1)
  A dancing weapon (Abyss:3)
  A naga sharpshooter (Snake:4)
  A large abomination (Abyss:3)
  A deep troll (Vaults:2)
  A phantasmal warrior (Vaults:5)
  2 orc knights (Bailey)
  2 yaktaurs (Vaults:2)
  A troll (Orc:1)
  An ancient zyme (Abyss:3)
  A slime creature (Vaults:1)
  A small abomination (Abyss:3)
  3 orc warriors
  3 ogres
  A centaur (Vaults:2)
29 creatures vanquished.

Vanquished Creatures (others)
  A deep elf master archer (Elf:3)
  A quicksilver dragon (Zot:3)
  Agnes (Depths:1)
  A vault warden (Vaults:3)
  3 stone giants
  A ghoul (Crypt:2)
  A statue (Depths:2)
  A naga warrior (Snake:1)
  6 yaktaur captains
  5 centaur warriors
  An ogre mage (D:14)
  A tengu warrior (D:14)
  A shadow wraith (Crypt:3)
  A deep elf mage (Vaults:5)
  A cyclops (Vaults:1)
  3 ugly things
  A salamander (Snake:3)
  A vault sentinel (Vaults:5)
  12 yaktaurs
  A hellwing (Depths:3)
  A shadow (D:14)
  A wyvern (Lair:6)
  2 acid dragons (Lair:6)
  A naga (Snake:4)
  A water moccasin (Lair:6)
  6 centaurs
  3 ogres
  Jessica (D:2)
  A ball lightning (Zot:5)
  A rat (D:2)
  2 bushes (Depths:4)
  20 fungi
  45 plants
  3 tentacles (Shoals:2)
132 creatures vanquished.

Grand Total: 2876 creatures vanquished

Notes
Turn   | Place    | Note
-------+----------+-------------------------------------------
     0 | D:1      | stealthycow the Gargoyle Berserker began the quest for the
                  | Orb.
     0 | D:1      | Reached XP level 1. HP: 14/14 MP: 1/1
   246 | D:1      | Reached XP level 2. HP: 18/19 MP: 2/2
   811 | D:2      | Reached XP level 3. HP: 23/23 MP: 3/3
   868 | D:2      | Killed Jessica
  1122 | D:2      | Reached ** piety under Trog
  1217 | D:2      | Reached XP level 4. HP: 21/29 MP: 4/4
  1981 | D:3      | Reached XP level 5. HP: 33/33 MP: 5/5
  1984 | D:3      | Found a radiant altar of Vehumet.
  2555 | D:4      | Found a hide-covered altar of Uskayaw.
  2568 | D:4      | Reached skill level 5 in Maces & Flails
  2568 | D:4      | Reached XP level 6. HP: 36/39 MP: 6/6
  2581 | D:4      | Found a shadowy altar of Dithmenos.
  2583 | D:4      | Found a bloodstained altar of Trog.
  2584 | D:4      | Found a shattered altar of Ashenzari.
  2584 | D:4      | Found a glowing golden altar of the Shining One.
  2586 | D:4      | Found a shimmering altar of Xom.
  2586 | D:4      | Noticed Natasha
  2599 | D:4      | Killed Natasha
  2599 | D:4      | Reached *** piety under Trog
  2606 | D:4      | Found an iron altar of Okawaru.
  2675 | D:4      | Noticed Duvessa
  2677 | D:4      | Noticed Dowan
  2713 | D:4      | Killed Duvessa
  2720 | D:4      | Killed Dowan
  2729 | D:4      | Reached skill level 5 in Fighting
  2835 | D:4      | Noticed Natasha
  2844 | D:4      | Killed Natasha
  2844 | D:4      | Reached XP level 7. HP: 44/44 MP: 7/7
  2868 | D:4      | Noticed Grinder
  2874 | D:4      | Paralysed by Grinder for 6 turns
  2876 | D:4      | Noticed Natasha
  2894 | D:4      | Paralysed by Grinder for 5 turns
  2988 | D:4      | Killed Grinder
  2989 | D:4      | Killed Natasha
  3269 | D:4      | Reached skill level 5 in Armour
  3273 | D:4      | Noticed Robin
  3479 | D:4      | Killed Robin
  3678 | D:5      | Entered Level 5 of the Dungeon
  3694 | D:5      | Found a staircase to the Ecumenical Temple.
  4020 | D:5      | Reached XP level 8. HP: 50/51 MP: 6/8
  4158 | D:5      | Found a runed translucent door.
  4159 | D:5      | Noticed Crazy Yiuf
  4276 | D:5      | Killed Crazy Yiuf
  5292 | D:6      | Reached XP level 9. HP: 56/56 MP: 9/9
  5450 | D:6      | Found a shadowy altar of Dithmenos.
  5743 | D:7      | Reached **** piety under Trog
  6345 | D:8      | Reached skill level 10 in Maces & Flails
  6723 | D:8      | Reached XP level 10. HP: 64/64 MP: 10/10
  7063 | D:8      | Found a sparkling altar of Nemelex Xobeh.
  7216 | D:8      | Found an ornate altar of the Wu Jian Council.
  7216 | D:8      | Found a shimmering blue altar of Sif Muna.
  7598 | D:9      | Found Ophy's General Store.
  7714 | D:9      | Noticed a two-headed ogre
  8060 | D:9      | Found Verera's Assorted Antiques.
  8060 | D:9      | Found Dyutulad's Armour Shoppe.
  8110 | D:9      | Bought a shield for 103 gold pieces
  8172 | D:9      | Noticed a two-headed ogre
  8468 | D:9      | Found a staircase to the Lair.
  8536 | D:9      | Killed a two-headed ogre
  8908 | D:9      | Killed a two-headed ogre
  9043 | D:10     | Entered Level 10 of the Dungeon
  9053 | D:10     | Noticed Gastronok
  9082 | D:10     | Reached XP level 11. HP: 55/71 MP: 7/11
  9101 | D:10     | Killed Gastronok
  9154 | D:10     | Reached skill level 5 in Shields
  9255 | D:10     | Reached ***** piety under Trog
  9341 | D:10     | Noticed Erolcha
  9354 | D:10     | Killed Erolcha
  9388 | D:10     | Found a flagged portal.
  9399 | Bailey   | Entered a bailey
  9654 | Bailey   | Reached skill level 10 in Fighting
  9836 | Bailey   | Noticed an orc knight
  9839 | Bailey   | Identified a scroll of acquirement
  9846 | Bailey   | Killed an orc knight
  9856 | Bailey   | Noticed an orc knight
  9856 | Bailey   | Noticed an orc knight
  9859 | Bailey   | Killed an orc knight
  9860 | Bailey   | Killed an orc knight
 10097 | D:10     | Found a burning altar of Makhleb.
 11036 | D:11     | Noticed a green ugly thing
 11049 | D:11     | Killed a green ugly thing
 11053 | D:11     | Reached skill level 10 in Armour
 11053 | D:11     | Reached XP level 12. HP: 77/77 MP: 10/12
 11592 | D:11     | Found a staircase to the Orcish Mines.
 11753 | D:11     | Found a basalt altar of Yredelemnul.
 12063 | Orc:1    | Entered Level 1 of the Orcish Mines
 12083 | Orc:1    | Noticed an orc warlord
 12394 | Lair:1   | Entered Level 1 of the Lair of Beasts
 13060 | Lair:1   | Received a gift from Trog
 13808 | Lair:2   | Reached XP level 13. HP: 77/84 MP: 4/13
 14377 | Lair:3   | Reached skill level 10 in Shields
 14568 | Lair:3   | Found a staircase to the Snake Pit.
 14910 | Lair:3   | Found a staircase to the Shoals.
 16418 | Lair:5   | Noticed Nessos
 16427 | Lair:5   | Killed Nessos
 16679 | Lair:5   | Found a runed translucent door.
 16679 | Lair:5   | Found a viscous altar of Jiyva.
 16683 | Lair:5   | Found a staircase to the Slime Pits.
 16900 | D:9      | Bought the +1 pair of gloves "Atwep" {rC++ Str-2 Slay+6}
                  | for 715 gold pieces
 17302 | Lair:6   | Entered Level 6 of the Lair of Beasts
 18011 | Lair:5   | Gained mutation: Your large and strong wings let you fly
                  | indefinitely. [Gargoyle growth]
 18011 | Lair:5   | Reached XP level 14. HP: 92/92 MP: 14/14
 18019 | Lair:5   | Received a gift from Trog
 18066 | Lair:5   | Reached ****** piety under Trog
 18320 | Lair:6   | Reached skill level 15 in Maces & Flails
 19793 | Lair:6   | Got a transparent robe
 20440 | Lair:6   | Got a faintly humming scale mail
 20451 | Lair:6   | Identified the +6 scale mail of Spite {rC++ Slay-3} (You
                  | found it on level 6 of the Lair of Beasts)
 20562 | Lair:6   | Upgraded the game from 0.25-a0-51-gc466198 to
                  | 0.25-a0-56-g68f8618
 20766 | D:12     | Found Tosairy's Food Emporium.
 20945 | D:12     | Received a gift from Trog
 21318 | D:13     | Reached XP level 15. HP: 95/97 MP: 15/15
 21332 | D:13     | Found a gate leading to a gauntlet.
 21347 | Gauntlet | Entered a Gauntlet
 21347 | Gauntlet | Found a transporter.
 21361 | Gauntlet | Found a transporter.
 21372 | Gauntlet | Found a transporter.
 21374 | Gauntlet | Found a large runed translucent door.
 21374 | Gauntlet | Found a large runed translucent door.
 21375 | Gauntlet | Found a large runed translucent door.
 21375 | Gauntlet | Found a large runed translucent door.
 21376 | Gauntlet | Found a large runed translucent door.
 21376 | Gauntlet | Found a large runed translucent door.
 21376 | Gauntlet | Found a runed translucent door.
 21376 | Gauntlet | Found a runed translucent door.
 21376 | Gauntlet | Found a large runed translucent door.
 21377 | Gauntlet | Found a transporter.
 21394 | Gauntlet | Found a transporter.
 21408 | Gauntlet | Found a large runed translucent door.
 21409 | Gauntlet | Found a large runed translucent door.
 21410 | Gauntlet | Found a large runed translucent door.
 21410 | Gauntlet | Found a large runed translucent door.
 21411 | Gauntlet | Found a runed translucent gate.
 21412 | Gauntlet | Found a transporter.
 21412 | Gauntlet | Found a runed translucent gate.
 21413 | Gauntlet | Found a runed translucent gate.
 21414 | Gauntlet | Found a large runed translucent door.
 21414 | Gauntlet | Found a large runed translucent door.
 21415 | Gauntlet | Found a large runed translucent door.
 21416 | Gauntlet | Found a large runed translucent door.
 21424 | Gauntlet | Found a transporter.
 21436 | Gauntlet | Found a transporter.
 21442 | Gauntlet | Found a transporter.
 21457 | Gauntlet | Found a transporter.
 21469 | Gauntlet | Found a transporter.
 21486 | Gauntlet | Found a transporter.
 21504 | Gauntlet | Found a transporter.
 21506 | Gauntlet | Found a transporter.
 21533 | Gauntlet | Found a transporter.
 21553 | Gauntlet | Found a transporter.
 21627 | Gauntlet | Found a large runed translucent door.
 21665 | Gauntlet | Found a transporter.
 21756 | Gauntlet | Found a transporter.
 22067 | Gauntlet | Got a clouded iron ring
 22069 | Gauntlet | Identified the ring "Gameoqee" {+Fly rF+ MR+ Slay+2} (You
                  | found it in a Gauntlet)
 22086 | Gauntlet | Identified the +10 short sword of Firphat {venom, rF- rN+
                  | MR+ Int+4}
 23062 | D:13     | Found a runed translucent door.
 23068 | D:13     | Noticed HilariousDeathArtist's ghost (journeyman DDGl)
 23080 | D:13     | Killed HilariousDeathArtist's ghost
 23086 | D:13     | Got a ripped robe
 23123 | D:13     | Found a portal to a secret trove of treasure.
 23625 | D:14     | Noticed Snorg
 23630 | D:14     | Killed Snorg
 23976 | D:14     | Received a gift from Trog
 24086 | D:14     | Reached skill level 15 in Shields
 24208 | D:14     | Noticed Kirke
 24219 | D:14     | Killed Kirke
 24221 | D:14     | Cast into level 3 of the Abyss (a wizard)
 24221 | Abyss:3  | Found a corrupted altar of Lugonu.
 24274 | Abyss:3  | Noticed an Executioner
 24284 | Abyss:3  | Killed an Executioner
 24309 | Abyss:3  | Reached XP level 16. HP: 70/105 MP: 16/16
 24466 | Abyss:3  | Found a sacrificial altar of Ru.
 24504 | Abyss:3  | Gained mutation: You are dopey. (Int -2) [a cacodemon]
 24523 | Abyss:3  | Gained mutation: Armour fits poorly on your strangely
                  | shaped body. [a cacodemon]
 24527 | Abyss:3  | Gained mutation: Scrolls take you a little longer to read.
                  | [a cacodemon]
 24599 | Abyss:3  | Found a glowing golden altar of the Shining One.
 24609 | Abyss:3  | Received a gift from Trog
 24621 | Abyss:3  | Noticed a juggernaut
 24633 | Abyss:3  | Killed a juggernaut
 24639 | Abyss:3  | Got an abyssal rune of Zot
 24655 | D:14     | Escaped the Abyss
 25386 | D:14     | Found a runed translucent door.
 25386 | D:14     | Found a runed translucent door.
 25484 | D:14     | Found a runed translucent door.
 25640 | D:14     | Found a gate to the Vaults.
 25742 | D:14     | Noticed Louise
 25759 | D:14     | Killed Louise
 26318 | D:14     | Cast into level 2 of the Abyss (merfolk impaler)
 26318 | Abyss:2  | Found a runed translucent door.
 26318 | Abyss:2  | Found a runed translucent door.
 26321 | Abyss:2  | Gained mutation: You occasionally shout uncontrollably at
                  | your foes. [a neqoxec]
 26332 | Abyss:2  | Found a corrupted altar of Lugonu.
 26339 | D:14     | Escaped the Abyss
 26379 | D:15     | Entered Level 15 of the Dungeon
 27173 | D:15     | Reached XP level 17. HP: 91/112 MP: 17/17
 27177 | D:15     | Found a staircase to the Depths.
 27481 | Orc:1    | Received a gift from Trog
 27496 | Orc:1    | Reached skill level 15 in Fighting
 28026 | Orc:1    | Found a transporter.
 28041 | Orc:1    | Found a runed translucent door.
 28075 | Orc:1    | Found a transporter.
 28080 | Orc:1    | Noticed quoriil's ghost (novice SpEE)
 28333 | Orc:1    | Reached skill level 15 in Armour
 28499 | Orc:1    | Found the +10 large shield of Ignorance {rN+ Int-4}
 28513 | Orc:1    | Found a runed translucent door.
 28692 | Orc:1    | Killed quoriil's ghost
 29380 | Orc:1    | Lost intelligence.
 30085 | Orc:1    | Lost mutation: Armour fits poorly on your strangely shaped
                  | body. [potion of mutation]
 30085 | Orc:1    | Lost mutation: You occasionally shout uncontrollably at
                  | your foes. [potion of mutation]
 30085 | Orc:1    | Lost mutation: You are dopey. (Int -2) [potion of mutation]
 30085 | Orc:1    | Gained mutation: You have sharp fingernails. [potion of
                  | mutation]
 30085 | Orc:1    | Gained mutation: Your mind is acute. (Int +2) [potion of
                  | mutation]
 30085 | Orc:1    | Gained mutation: Armour fits poorly on your strangely
                  | shaped body. [potion of mutation]
 30085 | Orc:1    | Gained mutation: You are partially covered in yellow
                  | scales. (AC +2) [potion of mutation]
 30086 | Orc:1    | Lost mutation: Scrolls take you a little longer to read.
                  | [potion of mutation]
 30086 | Orc:1    | Lost mutation: Your mind is acute. (Int +2) [potion of
                  | mutation]
 30086 | Orc:1    | Lost mutation: Armour fits poorly on your strangely shaped
                  | body. [potion of mutation]
 30086 | Orc:1    | Gained mutation: Your natural rate of healing is unusually
                  | fast. [potion of mutation]
 30086 | Orc:1    | Gained mutation: You are dopey. (Int -2) [potion of
                  | mutation]
 30086 | Orc:1    | Gained mutation: Armour fits poorly on your strangely
                  | shaped body. [potion of mutation]
 30086 | Orc:1    | Gained mutation: You are partially covered in molten
                  | scales. (AC +2) [potion of mutation]
 30087 | Orc:1    | Lost mutation: You are dopey. (Int -2) [potion of mutation]
 30087 | Orc:1    | Lost mutation: Armour fits poorly on your strangely shaped
                  | body. [potion of mutation]
 30087 | Orc:1    | Lost mutation: You are partially covered in yellow scales.
                  | (AC +2) [potion of mutation]
 30087 | Orc:1    | Lost mutation: Your natural rate of healing is unusually
                  | fast. [potion of mutation]
 30087 | Orc:1    | Gained mutation: You evolve. [potion of mutation]
 30087 | Orc:1    | Gained mutation: You expend magic power (3 MP) to
                  | strengthen your wands. [potion of mutation]
 30173 | Orc:2    | Entered Level 2 of the Orcish Mines
 30444 | Orc:2    | Found Lefuulybe's Antique Weapon Emporium.
 30461 | Orc:1    | Received a gift from Trog
 31073 | Orc:2    | Received a gift from Trog
 31259 | Orc:2    | Found Lunefemn's General Store.
 31259 | Orc:2    | Found Geipla's Book Shop.
 31270 | Orc:2    | Found Ycarphau's Distillery.
 31270 | Orc:2    | Found Atococre's Gadget Emporium.
 31308 | Orc:2    | Found Jomolug's Jewellery Emporium.
 31386 | Orc:2    | Found a staircase to the Elven Halls.
 31734 | Snake:1  | Entered Level 1 of the Snake Pit
 31745 | Snake:1  | Received a gift from Trog
 32057 | Snake:1  | Gained mutation: Your magical capacity is low. (-10% MP)
                  | [evolution]
 33077 | Snake:2  | Reached XP level 18. HP: 110/120 MP: 16/16
 33291 | Snake:2  | Received a gift from Trog
 34413 | Snake:4  | Entered Level 4 of the Snake Pit
 34482 | Snake:4  | Received a gift from Trog
 34562 | Snake:4  | Noticed Vashnia
 34805 | Snake:4  | Got a pair of crude boots
 34811 | Snake:4  | Identified the +0 pair of boots of Trog's Approval {MR+
                  | Regen+ Str+9 Slay-5} (You acquired it on level 4 of the
                  | Snake Pit)
 34892 | Snake:4  | Reached XP level 19. HP: 110/127 MP: 17/17
 35020 | Snake:4  | Killed Vashnia
 36033 | Snake:4  | Got a serpentine rune of Zot
 36471 | Snake:4  | Gained mutation: You possess an exceptional clarity of
                  | mind. [evolution]
 36794 | Shoals:1 | Entered Level 1 of the Shoals
 37682 | Shoals:2 | Got a brightly glowing leather armour
 37733 | Shoals:2 | Got a transparent jade ring
 37737 | Shoals:2 | Identified the ring "Dukocir" {Wiz rElec Str+2} (You found
                  | it on level 2 of the Shoals)
 39625 | Shoals:4 | Entered Level 4 of the Shoals
 39752 | Shoals:4 | Identified the +10 morningstar of the Foremost Realms
                  | {pain, MR+ Int+2} (You found it on level 4 of the Shoals)
 39882 | Shoals:4 | Reached XP level 20. HP: 124/136 MP: 18/18
 39935 | Shoals:4 | Received a gift from Trog
 40383 | Shoals:4 | Got a barnacled rune of Zot
 40606 | Shoals:4 | Gained mutation: You have very sharp teeth. [evolution]
 41223 | Elf:1    | Entered Level 1 of the Elven Halls
 41544 | Elf:1    | Found a radiant altar of Vehumet.
 41613 | Elf:1    | Received a gift from Trog
 41858 | Elf:1    | Found Numuky's General Store.
 41986 | Elf:1    | Found a large runed translucent door.
 41986 | Elf:1    | Found a large runed translucent door.
 41991 | Elf:1    | Noticed Mutenl Xeshra's ghost (adept GrEE)
 41995 | Elf:1    | Noticed a Brimstone Fiend
 42353 | Elf:1    | Found Namm's Weapon Shoppe.
 42443 | Elf:1    | Found Dinuzug's Jewellery Emporium.
 42524 | Elf:1    | Killed Mutenl Xeshra's ghost
 42861 | Elf:2    | Found a runed translucent gate.
 42861 | Elf:2    | Found a runed translucent gate.
 42862 | Elf:2    | Found a runed translucent gate.
 42926 | Elf:2    | Found Taeskeqeo's Jewellery Shop.
 42931 | Elf:2    | Bought a +6 amulet of reflection for 760 gold pieces
 42976 | Elf:2    | Received a gift from Trog
 43372 | Elf:2    | Reached XP level 21. HP: 142/142 MP: 18/18
 43677 | Elf:3    | Entered Level 3 of the Elven Halls
 43677 | Elf:3    | Found Fuhuon's Food Shoppe.
 43701 | Elf:3    | Found Xeamasin's Antique Armour Boutique.
 44048 | Elf:3    | Found Mekatopn's Food Emporium.
 44109 | Elf:3    | Received a gift from Trog
 45076 | Elf:3    | Identified the +7 morningstar "Xipithriu" {freeze, +Fly
                  | Str+8 Dex-3}
 45159 | Elf:3    | Identified the +9 falchion of the Spinneret {protect,
                  | +Blink rC++}
 45162 | Elf:3    | Identified the +6 dagger of Conformity {drain, +Fly MP+9
                  | Int+4 Stlth+}
 45470 | Elf:3    | Got a scintillating jade amulet
 45472 | Elf:3    | Identified the amulet of Ascent {Faith +Inv rF+ rC++} (You
                  | found it on level 3 of the Elven Halls)
 45482 | Elf:3    | Gained mutation: You are resistant to hostile enchantments.
                  | (MR+) [evolution]
 45482 | Elf:3    | Lost mutation: You evolve. [end of evolution]
 45959 | Vaults:1 | Entered Level 1 of the Vaults
 46094 | Vaults:1 | Received a gift from Trog
 46173 | Vaults:1 | Found Eptou's Weapon Shop.
 46981 | Vaults:1 | Reached XP level 22. HP: 150/150 MP: 19/19
 46990 | Vaults:1 | Received a gift from Trog
 47861 | Vaults:2 | Received a gift from Trog
 48025 | Vaults:2 | Noticed Asterion
 48035 | Vaults:2 | Killed Asterion
 48434 | Vaults:2 | You are sucked into a shaft and drop 2 floors!
 48704 | Vaults:2 | Noticed Donald
 48712 | Vaults:2 | Killed Donald
 49466 | Vaults:3 | Found Wesmuef's Armour Shop.
 49608 | Vaults:3 | Reached XP level 23. HP: 157/157 MP: 20/20
 49677 | Vaults:3 | Received a gift from Trog
 49938 | Vaults:3 | Found a staircase to the Crypt.
 50250 | Vaults:3 | Noticed Margery
 50350 | Vaults:3 | Killed Margery
 50482 | Vaults:4 | Received a gift from Trog
 51263 | Vaults:4 | Received a gift from Trog
 51431 | Vaults:3 | Bought the +2 hat of the Bear Spirit {Spirit, +Rage rN+
                  | MR++} for 742 gold pieces
 51431 | Vaults:3 | Found the +2 hat of the Bear Spirit {Spirit, +Rage rN+
                  | MR++}
 51832 | Vaults:4 | Found a radiant altar of Vehumet.
 51856 | Vaults:4 | Got a heavy robe
 52041 | Vaults:4 | Got a smoking hat
 52042 | Vaults:4 | Identified the +1 hat "Osuanol" {rN+ MP+9} (You found it on
                  | level 4 of the Vaults)
 52220 | Vaults:5 | Entered Level 5 of the Vaults
 52378 | Vaults:4 | Reached XP level 24. HP: 168/168 MP: 20/20
 52562 | Vaults:5 | Noticed Xtahua
 52840 | Vaults:5 | Received a gift from Trog
 53272 | Vaults:5 | Received a gift from Trog
 53287 | Vaults:5 | Identified the +4 battleaxe of Teyleag {freeze, rPois MR+
                  | Str+6 Int-2}
 53324 | Vaults:5 | Killed Xtahua
 53333 | Vaults:5 | Paralysed by a floating eye for 4 turns
 53652 | Vaults:5 | Reached XP level 25. HP: 176/176 MP: 20/20
 53660 | Vaults:5 | Identified the +6 dagger of Income {flame, rC++}
 53752 | Vaults:5 | Identified the ring "Dovviom" {rF+ Int+2 Stlth+}
 54037 | Vaults:5 | Found the +2 shield of Resistance {rF+ rC+ MR+}
 54124 | Vaults:5 | Got a pair of spiked boots
 54135 | Vaults:5 | Identified the +0 pair of boots "Meqexotu" {rElec MR-
                  | Str+3} (You found it on level 5 of the Vaults)
 54250 | Vaults:5 | Got a silver rune of Zot
 54773 | D:13     | You paid a toll of +2 shadow dragon scales to enter a
                  | treasure trove
 54774 | Trove    | Entered a treasure trove
 54780 | Trove    | Found the +15 Maxwell's patent armour {-Cast -Tele rElec
                  | MR+ rCorr}
 54785 | Trove    | Got a twitching iron ring
 54786 | Trove    | Identified the ring of a Hundred Beds {rPois MP+9} (You
                  | found it in a treasure trove)
 54790 | Trove    | Got a bound ivory ring
 54791 | Trove    | Identified the ring of Uskayaw's Approval {rN+ MP-9 Int+4
                  | Stlth+} (You found it in a treasure trove)
 54799 | Trove    | Got a brightly glowing ring mail
 54800 | Trove    | Identified the +1 ring mail of Brilliance {rElec MR+ rCorr
                  | Dex+3} (You found it in a treasure trove)
 54951 | Depths:1 | Entered Level 1 of the Depths
 54955 | Depths:1 | Found a gateway to Hell.
 55081 | Depths:1 | Noticed Agnes
 55088 | Depths:1 | Noticed Sojobo
 55092 | Depths:1 | Killed Agnes
 55109 | Depths:1 | Received a gift from Trog
 55156 | Depths:1 | Killed Sojobo
 55840 | Depths:1 | Found a gateway to a ziggurat.
 56507 | Depths:2 | Found Justeisa's Gadget Boutique.
 56512 | Depths:2 | Found Kaggoahu's Gadget Boutique.
 56825 | Depths:2 | Noticed Frederick
 56836 | Depths:2 | Killed Frederick
 56836 | Depths:2 | Received a gift from Trog
 56921 | Depths:2 | Found a radiant altar of Vehumet.
 56942 | Depths:2 | Reached XP level 26. HP: 186/186 MP: 19/20
 57641 | Depths:3 | Found a one-way gate leading to the halls of Pandemonium.
 57722 | Depths:3 | Received a gift from Trog
 58303 | Depths:3 | Got a crude chain mail
 58927 | Depths:4 | Found a one-way gate to the infinite horrors of the Abyss.
 59087 | Depths:4 | Received a gift from Trog
 60035 | Depths:5 | Entered Level 5 of the Depths
 60239 | Depths:5 | Found Quidgh's Book Boutique.
 60243 | Depths:5 | Found Jiownash's Food Shop.
 60278 | Depths:5 | Received a gift from Trog
 60369 | Depths:5 | Reached XP level 27. HP: 185/196 MP: 19/20
 61073 | Depths:5 | Received a gift from Trog
 61239 | Depths:5 | Found a gate to the Realm of Zot.
 61720 | Crypt:1  | Entered Level 1 of the Crypt
 61819 | Crypt:1  | Found a runed translucent gate.
 61819 | Crypt:1  | Found a runed translucent gate.
 61821 | Crypt:1  | Found a runed translucent gate.
 61823 | Crypt:1  | Noticed Bott's ghost (veteran MiBe)
 62133 | Crypt:1  | Found a transporter.
 62394 | Crypt:1  | Found a transporter.
 62403 | Crypt:1  | Identified the ring of Life {rElec Str+2 Slay+5}
 62498 | Crypt:1  | Identified the ring of Dotozxur {+Fly MR+ Int+2 SInv}
 62503 | Crypt:1  | Paralysed by the power of Zot for 2 turns
 62527 | Crypt:1  | Received a gift from Trog
 62658 | Crypt:1  | Got a sparkling wooden ring
 62659 | Crypt:1  | Identified the cursed ring of Gaqui {rElec EV-5 Str-2
                  | Int+4} (You found it on level 1 of the Crypt)
 63055 | Crypt:2  | Received a gift from Trog
 63643 | Crypt:3  | Entered Level 3 of the Crypt
 63708 | Crypt:3  | Reached skill level 27 in Fighting
 63874 | Crypt:3  | Reached skill level 27 in Armour
 63908 | Crypt:3  | Reached skill level 1 in Evocations
 64003 | Crypt:3  | Received a gift from Trog
 64139 | Crypt:3  | Found an ancient bone altar of Kikubaaqudgha.
 64168 | Crypt:3  | Found a basalt altar of Yredelemnul.
 64179 | Crypt:3  | Got a transparent plate armour
 64187 | Crypt:3  | Identified the +6 plate armour of Perfidy {MR++ rCorr
                  | Slay+3 Stlth-} (You found it on level 3 of the Crypt)
 64246 | Crypt:3  | Got a shimmering ivory ring
 64246 | Crypt:3  | Got a faintly glowing zirconium amulet
 64246 | Crypt:3  | Got a faintly glowing lead ring
 64252 | Crypt:3  | Identified the ring of Suspected Treachery {rC+ rN+ Dex+3}
                  | (You found it on level 3 of the Crypt)
 64254 | Crypt:3  | Identified the amulet "Lial" {*Slow rElec Regen+ Str-2
                  | Dex+8} (You found it on level 3 of the Crypt)
 64256 | Crypt:3  | Identified the ring of the Ancient Realms {rF- rN+ MR+
                  | Int+2 Dex+6} (You found it on level 3 of the Crypt)
 64383 | Crypt:3  | Reached skill level 5 in Evocations
 64423 | Crypt:3  | Reached skill level 5 in Dodging
 64555 | Crypt:3  | Found a staircase to the Tomb.
 65160 | Slime:1  | Entered Level 1 of the Pits of Slime
 65163 | Slime:1  | Gained mutation: Your magical capacity is very low. (-20%
                  | MP) [a shining eye]
 65542 | Slime:4  | Received a gift from Trog
 65558 | Slime:5  | Entered Level 5 of the Pits of Slime
 65620 | Slime:5  | Noticed the Royal Jelly
 65630 | Slime:5  | Killed the Royal Jelly
 65994 | Slime:5  | Gained mutation: You are occasionally teleported next to
                  | monsters. [a shining eye]
 66106 | Slime:5  | Got a slimy plate armour
 66107 | Slime:5  | Identified the +5 plate armour of Freedom {rPois rF+ rN+
                  | Int+4} (You found it on level 5 of the Pits of Slime)
 66129 | Slime:5  | Got faintly humming storm dragon scales
 66130 | Slime:5  | Identified the +1 storm dragon scales of Marbles {rElec
                  | MP+9 Slay+2} (You found it on level 5 of the Pits of Slime)
 66148 | Slime:5  | Got a slimy rune of Zot
 66172 | Slime:5  | Identified the +4 morningstar "Dyq Zoqe" {elec, Fragile
                  | Str+2 Int+4 Dex+3} (You found it on level 5 of the Pits of
                  | Slime)
 66664 | Zot:1    | Entered Level 1 of the Realm of Zot
 67133 | Zot:1    | You are sucked into a shaft and drop 1 floor!
 67811 | Zot:2    | Reached skill level 10 in Evocations
 68559 | Zot:3    | Reached skill level 10 in Dodging
 69986 | Zot:3    | Got an ichor-stained robe
 69999 | Zot:3    | Received a gift from Trog
 70455 | Zot:4    | Identified the +10 dire flail "Ocyrinin" {crush, MR+ MP-9
                  | Dex+2} (You found it on level 4 of the Realm of Zot)
 70932 | Zot:5    | Entered Level 5 of the Realm of Zot
 70976 | Zot:5    | Received a gift from Trog
 71395 | Zot:5    | Noticed an orb of fire
 71396 | Zot:5    | Noticed an ancient lich
 71401 | Zot:5    | Lost mutation: You possess an exceptional clarity of mind.
                  | [an orb of fire]
 71402 | Zot:5    | Noticed an ancient lich
 71406 | Zot:5    | Killed an orb of fire
 71416 | Zot:5    | Killed an ancient lich
 71418 | Zot:5    | Noticed an ancient lich
 71439 | Zot:5    | Killed an ancient lich
 71463 | Zot:5    | Killed an ancient lich
 71738 | Zot:5    | Noticed an orb of fire
 71738 | Zot:5    | Noticed an ancient lich
 71742 | Zot:5    | Noticed an ancient lich
 71745 | Zot:5    | Gained mutation: Your body sometimes deteriorates upon
                  | taking damage. [an orb of fire]
 71745 | Zot:5    | Noticed an orb of fire
 71746 | Zot:5    | Gained mutation: Your magical capacity is extremely low.
                  | (-30% MP) [an orb of fire]
 71749 | Zot:5    | Killed an ancient lich
 71754 | Zot:5    | Noticed an orb of fire
 71757 | Zot:5    | Killed an ancient lich
 71761 | Zot:5    | Gained mutation: Your body often deteriorates upon taking
                  | damage. [an orb of fire]
 71762 | Zot:5    | Gained mutation: You are weak. (Str -2) [an orb of fire]
 71765 | Zot:5    | Killed an orb of fire
 71769 | Zot:5    | Noticed an ancient lich
 71770 | Zot:5    | Killed an orb of fire
 71774 | Zot:5    | Noticed an ancient lich
 71778 | Zot:5    | Gained mutation: Scrolls take you a little longer to read.
                  | [an orb of fire]
 71785 | Zot:5    | Killed an orb of fire
 72144 | Zot:5    | Found a runed translucent door.
 72145 | Zot:5    | Found a shimmering altar of Xom.
 72145 | Zot:5    | Noticed reptisaurus's ghost (master DsSu)
 72525 | Zot:5    | Reached skill level 15 in Evocations
 72530 | Zot:5    | Received a gift from Trog
 72557 | Zot:5    | Killed an ancient lich
 72580 | Zot:5    | Killed an ancient lich
 73063 | Zot:5    | Identified the +1 halberd "Bowukh" {speed, *Slow rF+ rC+
                  | Dex+3} (You acquired it on level 5 of the Realm of Zot)
 73076 | Zot:5    | Got the Orb of Zot
 73148 | Zot:5    | Noticed Zadel the pandemonium lord
 73172 | Zot:5    | Killed Zadel the pandemonium lord
 73269 | Zot:5    | Lost mutation: Scrolls take you a little longer to read.
                  | [potion of mutation]
 73269 | Zot:5    | Lost mutation: You are occasionally teleported next to
                  | monsters. [potion of mutation]
 73269 | Zot:5    | Lost mutation: You expend magic power (3 MP) to strengthen
                  | your wands. [potion of mutation]
 73269 | Zot:5    | Gained mutation: You can translocate small distances at
                  | will. [potion of mutation]
 73397 | Zot:5    | Reached skill level 15 in Dodging
 73556 | Zot:3    | Noticed Mityeg the pandemonium lord
 73636 | Zot:1    | Noticed Xyewk the pandemonium lord
 73663 | Zot:1    | Killed Xyewk the pandemonium lord
 73664 | Zot:1    | Received a gift from Trog
 73675 | Depths:5 | Noticed Pigufairph the pandemonium lord
 73696 | Depths:5 | Killed Pigufairph the pandemonium lord
 73953 | Depths:1 | Noticed Nuihan the pandemonium lord
 73976 | Depths:1 | Killed Nuihan the pandemonium lord
 74379 | D:$      | Escaped with the Orb!

Levels and vault maps discovered:
D:1:      dpeg_arrival_houses_and_road, layout_basic, due_unseen_surprise
D:2:      layout_basic, lemuel_old_faithful, uniq_jessica
D:3:      layout_rooms, vehumet_crystals, first_ration,
          kennysheep_generic_room_12
D:4:      minmay_wonky_spiral, layout_basic, grunt_temple_overflow_open,
          uniq_robin, uniq_natasha, uniq_duvessa, uniq_grinder
D:5:      minmay_spotlight, layout_basic, minmay_temple_entry_steel_oval,
          uniq_crazy_yiuf_cottage
D:6:      layout_loops_cross, nicolae_benzene_ring,
          nicolae_dithmenos_the_darkroom
D:7:      layout_rooms, serial_curves, eino_curves_03, eino_curves_02,
          kennysheep_nub
D:8:      layout_basic, nemelex_xobeh_ov_fountains_minmay,
          gammafunk_temple_overflow_wave, kennysheep_cross_room, grunt_pizzeria
D:9:      layout_cross, lair_entry_dummy, serial_shops,
          nicolae_shop_statue_plus, shop, nicolae_shop_crystal
D:10:     layout_loops_cross, enter_bailey_3, minmay_misc_feat_hallway,
          minivault_11, bloody_makhleb, uniq_erolcha, uniq_gastronok
D:11:     minmay_razor_zed, layout_small_grid, orc_0_dummy, basic_altar
D:12:     layout_loops_ring, serial_shops, shop
D:13:     minmay_outward_triangles, layout_gridville,
          nicolae_trove_entry_path_of_doom, ebering_ghost_reflecting_pool,
          gauntlet_entry_generic
D:14:     minmay_the_grid_4x2 [minmay_the_grid_minigrid_medium,
          minmay_the_grid_medium_cups, minmay_the_grid_doors,
          minmay_the_grid_spin_star, minmay_the_grid_spikes,
          minmay_the_grid_stretched_grid, minmay_the_grid_armoury,
          minmay_the_grid_prize_big_room], layout_long_grid, erik_vaults_1,
          nicolae_wwwww, mikee_hates_you, uniq_snorg, uniq_kirke, uniq_louise
D:15:     grunt_enter_depths_hoard, layout_irregular_city, dk_noncrumbling_4,
          serial_undead, serial_undead_d, serial_undead_c, serial_undead_d,
          serial_undead_b, serial_undead_a, serial_undead_f
Lair:1:   layout_long_grid, guppyfry_lair_drakes, minmay_lair_oklob_chamber
Lair:2:   layout_cave_pods, lemuel_fruit_fields, infiniplex_staircase_pool,
          serial_bayou_shore_b
Lair:3:   layout_chaotic_city, shoals_dummy_entry,
          minmay_snake_entry_spellcaster, serial_bayou_shore_a
Lair:4:   layout_misc_corridors, small_statue_intersection
Lair:5:   layout_gridlike, slime_altar_2, grunt_megastairs_1, uniq_nessos
Lair:6:   hangedman_lair_tendril_chambers, layout_misc_corridors,
          guppyfry_lair_end_dragon
Shoals:1: layout_shoals
Shoals:2: layout_shoals
Shoals:3: layout_shoals, st_sunken_huts
Shoals:4: shoals_end_grunt_ice, layout_shoals,
          nicolae_shoals_stone_sculpture_thing
Snake:1:  layout_basic
Snake:2:  layout_basic, grunt_megastairs_4
Snake:3:  layout_misc_corridors
Snake:4:  grunt_snake_rune_pools, layout_misc_corridors, uniq_vashnia
Slime:1:  layout_caves
Slime:2:  layout_caves, nicolae_slime_barrier,
          cheibrodos_slime_lost_civilization_7
Slime:3:  layout_caves
Slime:4:  layout_caves
Slime:5
Orc:1:    nicolae_orc_accident_3, layout_caves, gammafunk_ghost_arena,
          chequers_guarded_unrand_ignorance
Orc:2:    st_orc_ogre_mass, layout_caves, serial_shops, shop, nicolae_shop_stone
Elf:1:    eino_elf_arrival_the_gate, layout_rooms, basic_altar,
          ebering_ghost_disaster_area, serial_shops, shop,
          nicolae_shop_temple_entry_statues_fountains, nicolae_shop_crystal,
          hangedman_elven_crosses_minicolossus, hex_intersection
Elf:2:    layout_loops_corners, serial_shops, shop
Elf:3:    minmay_elf_hall_curves, layout_loops_cross, serial_shops,
          shop_fountains, shop, shop
Vaults:1: nicolae_vaults_murderbox, v_misc_25, v_rooms_6, grunt_vaults_bifocal,
          nicolae_vaults_what_the_h, vaults_room_large_hall,
          vaults_room_fancy_cross, v_misc_31, nicolae_vaults_sealed_display,
          hangedman_vaults_slice, hangedman_vaults_stretched_pinwheel,
          vaults_room_hallway, dpeg_vaults_monster_box, layout_vaults_omnibox,
          serial_shops, shop_coins
Vaults:2: v_pattern_5, ontoclasm_vaults_decontamination, nicolae_vaults_meeting,
          v_misc_15, vaults_room_corners, nicolae_vaults_network_square,
          vaults_room_grid, layout_vaults_omnigrid, uniq_asterion, uniq_donald
Vaults:3: minmay_crypt_entry_simple_statues, grunt_vaults_hallway_short,
          vaults_room_octagon, v_misc_17, v_pattern_4,
          ontoclasm_vaults_misaligned, vaults_room_semicircle, v_alt_pattern_4,
          layout_vaults_omnicross, serial_shops, nicolae_shop_behind_doors,
          uniq_margery
Vaults:4: nicolae_vaults_shelves_hall, ontoclasm_vaults_ring_small,
          vaults_dpeg_doors, nicolae_vaults_yaktaur_gun_rack,
          hangedman_vaults_restitches, hangedman_vaults_trim,
          grunt_tower_of_power, v_misc_16, v_alt_pattern_1,
          hangedman_vaults_slice, hangedman_vaults_maws, layout_vaults_maze
Vaults:5: uniq_xtahua
Crypt:1:  gammafunk_its_a_trap, layout_basic, gammafunk_ghost_spectres
Crypt:2:  layout_chaotic_city
Crypt:3:  lightli_unholy_cathedral, layout_chaotic_city,
          tomb_entry_simple_bobbens
Depths:1: layout_cave_shapes, enter_ziggurat_e, hell_entry,
          minmay_misc_feat_encased, abandoned_shop, sword_in_stone,
          kennysheep_random_hallway
Depths:2: evilmike_halls_of_destruction, layout_cave_shapes,
          grunt_hell_entry_dis_mu, nicolae_water_bricks, minmay_shop_star
Depths:3: kennysheep_oblong_rooms, layout_basic, nrook_mini_backslash,
          grunt_pan_entry_in_and_out, hellmouth_1
Depths:4: hangedman_hanging_gardens, layout_basic, pf_dread_powers_of_hell,
          chequers_serial_rivers_small_a, nicolae_abyss_entry_one_way_or_another
Depths:5: grunt_zot_entry_bicorn, layout_cave_shapes, nicolae_two_hexagons,
          hell_entry, grunt_pan_entry_sceptre, minmay_shoptagon
Zot:1:    layout_misc_corridors
Zot:2:    layout_onion_interference
Zot:3:    layout_twisted_circle, lemuel_golem_globe
Zot:4:    layout_gridlike
Zot:5:    layout_basic, ebering_ghost_xom, st_stairs_5

Table legend:
 A = Non-vault XP
 B = Vault XP
 C = Vault XP percentage of total XP
 D = Non-vault monster count
 E = Vault monster count
 F = Vault count percentage of total count
                 A         B        C        D         E       F
            +---------+---------+-------+---------+---------+-------
      Total |  987587 |  882863 |  47.2 |    1817 |     900 |  33.1
            +---------+---------+-------+---------+---------+-------
        D:1 |      28 |       0 |   0.0 |      15 |       0 |   0.0
        D:2 |      87 |       0 |   0.0 |      23 |       0 |   0.0
        D:3 |      58 |      14 |  19.4 |      22 |       7 |  24.1
        D:4 |     308 |     594 |  65.9 |      18 |      11 |  37.9
        D:5 |     142 |      80 |  36.0 |       7 |       4 |  36.4
        D:6 |    1301 |       0 |   0.0 |      29 |       0 |   0.0
        D:7 |    1239 |       0 |   0.0 |      27 |       0 |   0.0
        D:8 |    2309 |     133 |   5.4 |      38 |       1 |   2.6
        D:9 |    2845 |       0 |   0.0 |      28 |       0 |   0.0
       D:10 |    2552 |    3156 |  55.3 |      26 |       6 |  18.8
       D:11 |    6748 |    2010 |  23.0 |      43 |      17 |  28.3
       D:12 |    1729 |       0 |   0.0 |      24 |       0 |   0.0
       D:13 |    8070 |    6458 |  44.5 |      30 |      11 |  26.8
       D:14 |    8012 |   17246 |  68.3 |      29 |      33 |  53.2
       D:15 |    8005 |   15625 |  66.1 |      22 |      22 |  50.0
     Lair:1 |    5235 |    1021 |  16.3 |      23 |       4 |  14.8
     Lair:2 |    2173 |       0 |   0.0 |      11 |       0 |   0.0
     Lair:3 |    4621 |     434 |   8.6 |      17 |       1 |   5.6
     Lair:4 |    6163 |     205 |   3.2 |      22 |       1 |   4.3
     Lair:5 |    9622 |    4560 |  32.2 |      32 |      16 |  33.3
     Lair:6 |   14911 |   11193 |  42.9 |      39 |      38 |  49.4
   Shoals:1 |    7751 |       0 |   0.0 |      15 |       0 |   0.0
   Shoals:2 |   14201 |       0 |   0.0 |      25 |       0 |   0.0
   Shoals:3 |   11995 |    6507 |  35.2 |      25 |      10 |  28.6
   Shoals:4 |   13404 |   19955 |  59.8 |      27 |      29 |  51.8
    Snake:1 |   14794 |       0 |   0.0 |      32 |       0 |   0.0
    Snake:2 |   23598 |     623 |   2.6 |      36 |       2 |   5.3
    Snake:3 |   26122 |       0 |   0.0 |      46 |       0 |   0.0
    Snake:4 |   27977 |   43290 |  60.7 |      49 |      63 |  56.2
    Slime:1 |     539 |       0 |   0.0 |       1 |       0 |   0.0
    Slime:2 |   13334 |       0 |   0.0 |      11 |       0 |   0.0
    Slime:3 |   11578 |       0 |   0.0 |      20 |       0 |   0.0
    Slime:4 |    7882 |       0 |   0.0 |      10 |       0 |   0.0
    Slime:5 |   15006 |   27173 |  64.4 |      17 |      14 |  45.2
      Orc:1 |    9783 |   11217 |  53.4 |      83 |      29 |  25.9
      Orc:2 |    1614 |    8604 |  84.2 |      25 |      20 |  44.4
      Elf:1 |   17390 |   17499 |  50.2 |      28 |      21 |  42.9
      Elf:2 |   13981 |   27372 |  66.2 |      28 |      31 |  52.5
      Elf:3 |   10654 |   38286 |  78.2 |      14 |      27 |  65.9
   Vaults:1 |   46787 |   34788 |  42.6 |      84 |      49 |  36.8
   Vaults:2 |   42962 |   23099 |  35.0 |      76 |      24 |  24.0
   Vaults:3 |   31897 |   13454 |  29.7 |      56 |      15 |  21.1
   Vaults:4 |   49185 |   47152 |  48.9 |      73 |      54 |  42.5
   Vaults:5 |   24145 |  142388 |  85.5 |      38 |      92 |  70.8
    Crypt:1 |   29629 |    7426 |  20.0 |      45 |       7 |  13.5
    Crypt:2 |   31559 |       0 |   0.0 |      45 |       0 |   0.0
    Crypt:3 |   33226 |   42603 |  56.2 |      43 |      36 |  45.6
   Depths:1 |   41707 |   16133 |  27.9 |      47 |      10 |  17.5
   Depths:2 |   28025 |   26330 |  48.4 |      40 |      25 |  38.5
   Depths:3 |   52670 |   12814 |  19.6 |      65 |      12 |  15.6
   Depths:4 |   24520 |   25538 |  51.0 |      24 |      27 |  52.9
   Depths:5 |   35299 |   30099 |  46.0 |      33 |      28 |  45.9
      Zot:1 |   31171 |       0 |   0.0 |      18 |       0 |   0.0
      Zot:2 |   31675 |       0 |   0.0 |      19 |       0 |   0.0
      Zot:3 |   30119 |    6100 |  16.8 |      18 |       2 |  10.0
      Zot:4 |   19022 |       0 |   0.0 |      10 |       0 |   0.0
      Zot:5 |   60032 |  171877 |  74.1 |      34 |      43 |  55.8
    Abyss:2 |     176 |       0 |   0.0 |       1 |       0 |   0.0
    Abyss:3 |   16020 |   13326 |  45.4 |      31 |       8 |  20.5
     Bailey |       0 |    2190 | 100.0 |       0 |      40 | 100.0
   Gauntlet |       0 |    4291 | 100.0 |       0 |      10 | 100.0
            +---------+---------+-------+---------+---------+-------
